AoeStats
← SeRpenZos

Hill Fort

506886737Analyzed
4v4 RM · 17d ago on Sep 15, 2026· 62m 31s· 8 players
Game mode
Random Map
Map size
Large (8 player)
Population
200
Speed
Normal
Resources
Standard
Victory
Conquest
Starting age
Dark Age
Ending age
Imperial Age
RankedLock teamsTeams togetherTeam positionsShared explorationLock speedFull tech treeHidden civsTurbo modeCheats
Victory
Defeat
🇨🇦 Georgians · Canada
1621
+13
🇮🇩 Koreans · Indonesia
1532
+16
🇮🇩 Byzantines · Indonesia
1528
+16
🇮🇩 Spanish · Indonesia
1525
+17
1625
-18
🇫🇷 Poles · France
1614
-19
🇫🇷 Italians · France
1554
-16
🇫🇷 Vietnamese · France
1369
-9
Hugo4774
9:17 Loom
12:01 Feudal Age
19:01 Wheelbarrow
21:34 Castle Age
19:55 Double-Bit Axe
19:51 Horse Collar
20:51 Fletching
21:39 Town Watch
22:18 Bodkin Arrow
22:34 Bow Saw
22:26 Heavy Plow
23:06 Gold Mining
25:43 Caravan
29:41 Silk Road
30:54 Hand Cart
31:07 Ballistics
31:06 Town Patrol
32:16 Demolition Ship
37:15 Imperial Age
35:14 Clinker Construction
35:06 Padded Archer Armor
36:58 Leather Archer Armor
37:41 Stone Mining
38:59 Chemistry
38:20 Shipwright
38:22 Carvel Hull
38:23 Conscription
38:05 Bracer
39:10 Two-Man Saw
38:41 Crop Rotation
39:20 Ring Archer Armor
39:32 Guilds
40:56 Fortified Wall
40:26 Treadmill Crane
41:08 Elite Genoese Crossbowman
42:23 Hoardings
43:52 Coinage
44:00 Thumb Ring
43:26 Capped Ram
44:18 Forging
44:08 Scale Mail Armor
43:52 Fishing Lines
44:26 Scale Barding Armor
46:35 Banking
47:03 Iron Casting
46:49 Chain Barding Armor
46:37 Murder Holes
46:52 Masonry
54:04 Architecture
Sac a dos
8:32 Loom
10:33 Feudal Age
15:55 Castle Age
14:08 Horse Collar
14:43 Double-Bit Axe
16:58 Bloodlines
17:08 Bow Saw
22:37 Husbandry
24:39 Fletching
26:10 Wheelbarrow
26:51 Heavy Plow
30:34 Imperial Age
28:38 Scale Barding Armor
28:43 Forging
29:20 Stone Mining
30:34 Hand Cart
30:36 Szlachta Privileges
30:39 Gold Mining
31:30 Chain Barding Armor
31:50 Iron Casting
31:07 Cavalier
32:55 Conscription
33:42 Town Watch
35:08 Blast Furnace
33:33 Light Cavalry
34:35 Town Patrol
35:01 Bodkin Arrow
36:10 Lechitic Legacy
37:20 Chemistry
37:07 Crop Rotation
36:50 Bracer
37:50 Ballistics
37:27 Murder Holes
38:40 Winged Hussar
40:42 Hoardings
40:22 Masonry
41:01 Caravan
42:50 Scale Mail Armor
46:02 Chain Mail Armor
45:29 Elite Obuch
53:14 Capped Ram
57:36 Plate Mail Armor
58:11 Siege Ram
[AHOU] Ezio Auditore Da Firenze
7:52 Loom
10:47 Feudal Age
14:48 Castle Age
12:57 Double-Bit Axe
20:37 Sanctity
20:29 Town Watch
22:58 Wheelbarrow
23:12 Fervor
23:18 Fervor
23:44 Stone Mining
26:28 Gold Mining
26:58 Fletching
26:58 Horse Collar
30:33 Imperial Age
28:27 Padded Archer Armor
28:59 Ballistics
29:42 Gold Mining
29:49 Bodkin Arrow
30:11 Leather Archer Armor
29:58 Husbandry
30:42 Bloodlines
30:37 Murder Holes
31:24 Scale Barding Armor
31:29 Forging
32:15 Bow Saw
32:49 Bracer
33:12 Hand Cart
33:54 Paiks
34:39 Conscription
35:32 Chemistry
36:29 Two-Man Saw
34:52 Elite Ratha (Ranged)
36:49 Ring Archer Armor
36:56 Town Patrol
37:29 Masonry
38:16 Elite Elephant Archer
39:01 Caravan
39:35 Siege Engineers
43:02 Coinage
42:43 Guilds
43:11 Chain Barding Armor
44:10 Mahayana
45:47 Two-Man Saw
46:24 Banking
48:11 Siege Elephant
FLEJEUNE
10:44 Feudal Age
11:57 Double-Bit Axe
16:40 Castle Age
14:38 Horse Collar
18:58 Fletching
21:12 Loom
23:07 Town Watch
26:57 Bodkin Arrow
29:22 Wheelbarrow
29:20 Padded Archer Armor
30:17 Leather Archer Armor
31:40 Hand Cart
33:06 Town Patrol
34:26 Heavy Plow
34:32 Caravan
38:12 Imperial Age
39:14 Guilds
39:26 Thumb Ring
39:11 Elite Rattan Archer
40:40 Siege Engineers
41:13 Bow Saw
41:13 Bracer
41:59 Paper Money
42:52 Chatras
42:58 Scale Barding Armor
43:23 Ring Archer Armor
43:59 Chain Barding Armor
43:51 Forging
45:02 Husbandry
45:12 Bloodlines
46:27 Clinker Construction
46:38 Ballistics
47:19 Chemistry
47:26 Murder Holes
47:12 Treadmill Crane
48:56 Coinage
47:51 Elite Battle Elephant
49:32 Iron Casting
50:49 Fortified Wall
52:57 Hoardings
52:56 Clinker Construction
53:54 Crop Rotation
54:25 Two-Man Saw
55:53 Plate Barding Armor
JMDDN
11:35 Feudal Age
15:09 Castle Age
13:24 Double-Bit Axe
13:42 Horse Collar
16:19 Bow Saw
19:50 Loom
21:51 Wheelbarrow
21:49 Heavy Plow
23:24 Hand Cart
25:47 Fletching
25:57 Padded Archer Armor
25:48 Town Watch
26:24 Caravan
27:34 Bodkin Arrow
30:43 Imperial Age
28:08 Guard Tower
27:58 Treadmill Crane
29:02 Ballistics
29:04 Murder Holes
29:19 Masonry
30:52 Svan Towers
31:30 Bracer
32:20 Keep
32:09 Guilds
32:34 Fervor
32:19 Stone Mining
32:20 Gold Mining
33:37 Coinage
34:17 Arrowslits
35:32 Chemistry
36:44 Architecture
36:36 Conscription
36:23 Scale Barding Armor
36:29 Forging
39:58 Sappers
40:34 Aznauri Cavalry
40:50 Chain Barding Armor
43:49 Fortified Wall
44:34 Plate Barding Armor
44:35 Iron Casting
44:35 Redemption
44:52 Town Patrol
44:42 Cavalier
45:23 Husbandry
45:33 Bloodlines
44:43 Light Cavalry
46:19 Hussar
47:40 Hoardings
48:58 Banking
48:12 Onager
SeRpenZos
11:38 Feudal Age
12:59 Town Watch
17:26 Castle Age
15:52 Double-Bit Axe
17:34 Padded Archer Armor
17:54 Loom
18:18 Gold Mining
28:44 Horse Collar
30:42 Bow Saw
33:05 Wheelbarrow
38:05 Imperial Age
36:04 Leather Archer Armor
36:57 Scale Barding Armor
36:59 Heavy Plow
37:34 Forging
38:05 Chain Barding Armor
38:00 Caravan
38:39 Hand Cart
39:31 Ring Archer Armor
39:39 Iron Casting
40:24 Husbandry
40:34 Bloodlines
39:52 Cavalier
41:10 Plate Barding Armor
41:20 Paladin
43:03 Blast Furnace
43:28 Conscription
43:16 Stone Mining
45:19 Guilds
46:09 Light Cavalry
49:44 Coinage
52:42 Masonry
52:27 Murder Holes
52:53 Ballistics
53:33 Chemistry
52:44 Fortified Wall
52:01 Capped Ram
53:24 Stone Shaft Mining
53:59 Banking
53:07 Siege Ram
58:25 Two-Man Saw
FuLongGamingYT
10:38 Feudal Age
15:17 Castle Age
13:40 Double-Bit Axe
15:52 Loom
17:01 Bow Saw
18:29 Horse Collar
24:12 Wheelbarrow
25:08 Gold Mining
25:34 Heavy Plow
26:37 Stone Mining
28:07 Hand Cart
33:02 Imperial Age
30:33 Treadmill Crane
31:24 Town Watch
32:02 Ballistics
31:34 Fletching
32:33 Masonry
32:20 Bodkin Arrow
32:27 Scale Mail Armor
33:06 Gold Shaft Mining
33:33 Fortified Wall
34:15 Stone Shaft Mining
35:36 Chemistry
34:58 Conscription
35:10 Architecture
34:57 Chain Mail Armor
34:43 Bracer
35:01 Chain Mail Armor
35:34 Forging
36:27 Two-Man Saw
36:52 Plate Mail Armor
36:26 Squires
37:04 Caravan
36:35 Elite Fire Lancer
38:44 Iron Casting
38:15 Murder Holes
39:59 Coinage
39:59 Eupseong
43:03 Scale Barding Armor
44:50 Chain Barding Armor
44:32 Light Cavalry
45:14 Husbandry
45:07 Elite Skirmisher
45:52 Thumb Ring
45:11 Hussar
51:46 Siege Engineers
51:50 Pikeman
58:19 Banking
59:21 Guilds
Embege
6:55 Loom
9:14 Feudal Age
10:15 Double-Bit Axe
10:11 Horse Collar
17:40 Wheelbarrow
20:21 Castle Age
19:27 Scale Barding Armor
19:33 Forging
19:45 Forging
22:20 Wheelbarrow
21:49 Husbandry
25:42 Iron Casting
29:32 Gold Mining
32:21 Gold Shaft Mining
34:41 Hand Cart
37:34 Imperial Age
35:02 Fletching
35:12 Padded Archer Armor
35:24 Bow Saw
35:08 Stone Mining
35:37 Caravan
36:07 Coinage
37:24 Bodkin Arrow
37:44 Leather Archer Armor
39:29 Two-Man Saw
38:54 Bracer
39:56 Chemistry
39:04 Heavy Plow
39:56 Ring Archer Armor
39:54 Ballistics
39:20 Treadmill Crane
40:13 Banking
39:53 Guilds
39:28 Crossbowman
40:16 Thumb Ring
40:27 Arbalester
41:46 Conscription
42:27 Elite Skirmisher
47:02 Bombard Tower
47:19 Hoardings
46:50 Greek Fire
56:41 Fortified Wall
Connection lost

Rejoining the realm…

Still unreachable

The connection could not be restored.

Session expired

The server has moved on; the page needs a fresh start.